 Dungeon Crawl Stone Soup version 0.25.1-2-g60ff931df9 (webtiles) character file.

Game seed: 16230261667500263314

5994 selver the Tainter (level 10, -2/68 HPs)
             Began as an Octopode Venom Mage on Oct 27, 2020.
             Was a Believer of Yredelemnul.
             Slain by Erica
             ... wielding a +4 scimitar of flaming
              (13 damage)
             ... on level 9 of the Dungeon.
             The game lasted 00:53:47 (14127 turns).

selver the Tainter (Octopode Venom Mage)           Turns: 14127, Time: 00:53:49

Health: -2/68      AC:  1    Str: 14    XL:     10   Next: 85%
Magic:  8/28       EV: 18    Int: 18    God:    Yredelemnul [**....]
Gold:   292        SH:  0    Dex: 19    Spells: 8/21 levels left

rFire    . . .     SeeInvis +   i - +2 dagger "Uttimusa" {venom, rC+ Str+4}
rCold    + . .     Gourm    .   (no shield)
rNeg     + . .     Faith    .   (helmet restricted)
rPois    .         Spirit   .   j - amulet of magic regeneration
rElec    .         Reflect  .   f - ring of positive energy
rCorr    .         Harm     .   x - +6 ring of dexterity
MR       .....                  B - ring of magical power
Stlth    ++++......             I - ring of wizardry
HPRegen  0.21/turn              J - ring of see invisible
MPRegen  0.46/turn              (no ring)
                                (no ring)
                                (no ring)

@: no status effects
A: almost no armour, stealthy swim, amphibious, 8 rings, constrict 8, camouflage
1, gelatinous body 1
a: Animate Remains, Recall Undead Slaves, Injury Mirror, Renounce Religion


You were on level 9 of the Dungeon.
You worshipped Yredelemnul.
Yredelemnul was pleased with you.
You were near starving.

You visited 2 branches of the dungeon, and saw 10 of its levels.

You collected 292 gold pieces.

Inventory:

Hand Weapons
 g - a +1 spear
 i - the +2 dagger "Uttimusa" (weapon) {venom, rC+ Str+4}
   (You found it on level 9 of the Dungeon)

   It poisons the flesh of those it strikes.
   It affects your strength (+4).
   It protects you from cold.
 m - a +0 trident
 p - a +0 whip of flaming
Armour
 L - a +0 kite shield
Magical Staves
 H - an uncursed staff of cold
Jewellery
 f - a ring of positive energy (left tentacle)
 j - an amulet of magic regeneration (around mantle)
 w - an uncursed ring of wizardry
 x - a +6 ring of dexterity (right tentacle)
 B - a ring of magical power (on tentacle)
 I - a ring of wizardry (on tentacle)
 J - a ring of see invisible (on tentacle)
Wands
 t - a wand of polymorph (9)
 A - a wand of iceblast (14)
 F - a wand of random effects (12)
 M - a wand of digging (4)
Scrolls
 c - a scroll of noise {unknown}
 d - 2 scrolls of enchant weapon
 h - 2 scrolls of enchant armour
 o - 2 scrolls of immolation {unknown}
 s - 4 scrolls of random uselessness {unknown}
 u - 3 scrolls of remove curse {unknown}
 y - a scroll of magic mapping {unknown}
 C - 3 scrolls of teleportation {unknown}
 E - a scroll of torment {unknown}
 K - 2 scrolls of fear {unknown}
 O - a scroll of amnesia {unknown}
Potions
 e - a potion of mutation {unknown}
 k - 4 potions of stabbing
 l - a potion of berserk rage {unknown}
 n - 2 potions of invisibility
 q - 2 potions of flight
 r - 2 potions of lignification {unknown}
 v - 2 potions of resistance {unknown}
 D - a potion of degeneration {unknown}
 G - 2 potions of brilliance
Comestibles
 b - 10 rations


   Skills:
 * Level 5.9 Fighting
 * Level 6.4 Dodging
 - Level 6.0 Stealth
 - Level 6.0 Spellcasting
 - Level 6.7 Conjurations
 - Level 4.0 Transmutations
 - Level 10.1 Poison Magic
 + Level 1.4 Invocations


You had 8 spell levels left.
You knew the following spells:

 Your Spells              Type           Power        Failure   Level  Hunger
a - Sting                 Tmut/Pois      ####         1%          1    None
b - Poisonous Vapours     Pois/Air       ###...       1%          2    None
c - Olgreb's Toxic Radia  Pois           #####...     1%          4    ####...
d - Mephitic Cloud        Conj/Pois/Air  ####....     1%          3    ##.....
e - Ignite Poison         Fire/Tmut/Pois ###.....     2%          3    ##.....

Your spell library contained the following spells:

 Spells                   Type           Power        Failure   Level  Hunger
 Confusing Touch          Hex            #.......     14%         3    ##.....
 Gell's Gravitas          Tloc           #.........   14%         3    ##.....
 Petrify                  Tmut/Erth      ##......     21%         4    ####...
 Yara's Violent Unravell  Hex/Tmut       ##........   47%         5    #####..
 Metabolic Englaciation   Hex/Ice        #.........   75%         5    #####..


Dungeon Overview and Level Annotations

Branches:
Dungeon (9/15)             Temple (1/1) D:4            Lair (0/6) D:9
    Orc: D:9-12

Altars:
Ashenzari
Cheibriados
Dithmenos
Elyvilon
Fedhas
Gozag
Hepliaklqana
Kikubaaqudgha
Makhleb
Nemelex Xobeh
Okawaru
Qazlal
Ru
Sif Muna
Trog
Uskayaw
Vehumet
Wu Jian
Xom
Yredelemnul
Zin
The Shining One

Annotations:
D:4 1 runed translucent door, Lucherd's ghost, novice GnWn
D:5 3 runed translucent doors, Wildwoot's ghost, amateur HOFi
D:9 Erica


Innate Abilities, Weirdness & Mutations

You cannot wear most types of armour.
You are very stealthy in the water. (Stealth+)
You are amphibious.
You can wear up to eight rings at the same time.
You can use your tentacles to constrict eight enemies at once.
Your skin changes colour to match your surroundings (Stealth+).
Your rubbery body absorbs attacks. (AC +1, EV +1)


Message History

You miss Erica. Your squeeze misses Erica.
Erica is almost dead.
Erica misses you. Erica barely misses you.
You feel less confused.
Casting: Mephitic Cloud (safe; 1% risk of failure)
Confirm with . or Enter, or press ? or * to list all spells.
Aiming: Poisonous Vapours (safe; 1% risk of failure)
Press: ? - help, Dir - move target cursor, f - Erica
Aim: Erica, wielding a +4 scimitar of flaming and wearing a +0 robe (almost dead, slightly transparent) Poisonous vapours surround Erica!
Erica is engulfed in poison gas.
Erica is poisoned.
Erica closely misses you.
Casting: Poisonous Vapours (safe; 1% risk of failure)
Confirm with . or Enter, or press ? or * to list all spells.
You ignite the poison in your surroundings!
Erica seems to burn from within.
Erica is almost dead.
Erica hits you with a +4 scimitar of flaming!
You die...
Your body rises from the dead as a mindless zombie.

#..#..#..# ### ##### #....###'##
#.# #.... ..#.......###
####'###### #.... ..#.......'.#
#.........# #.... #.'.......#.#
#.........####....
###....@..#.####.........'..#....
#.......#...##.........##.'....
##'########..'..>......####....
#.(..### ####@@............≈≈≈
####.).### ####.....≈....≈≈≈≈
###...# ###....≈..≈≈≈≈≈≈ ###.#
#.......≈.≈≈≈≈≈≈ ######'###
#.....≈≈≈≈.≈≈≈≈≈
####........####....≈≈≈≈≈≈≈≈≈.≈
###..'........##......≈≈≈≈≈≈.....
....##........'..#..............>
.#####........####.....≈≈≈≈≈..≈..


You could see Erica (invisible).

Vanquished Creatures
  A two-headed ogre (D:8)
  Pikel (D:5)
  A troll (D:9)
  Prince Ribbit (D:8)
  A raiju (shapeshifter) (D:9)
  A hippogriff (D:7)
  Sigmund (D:3)
  A wyvern (D:9)
  A hungry ghost (D:9)
  3 orc warriors
  3 ogres
  6 wolves (D:9)
  4 centaurs
  Blork the orc (D:4)
  3 bullfrogs
  A water moccasin zombie (D:5)
  4 scorpions
  11 killer bees
  5 wights (D:9)
  2 vampire bats (D:2)
  2 howler monkeys
  3 electric eels (D:9)
  3 crimson imps
  A bullfrog zombie (D:5)
  4 hounds
  A jelly (D:9)
  An orc priest (D:6)
  Crazy Yiuf (D:2)
  2 centaur skeletons
  2 iguanas
  Ijyb (D:3)
  2 orc wizards
  3 worker ants
  A killer bee zombie (D:8)
  A hound zombie (D:5)
  Robin (D:3)
  12 adders
  A river rat (D:4)
  3 adder skeletons
  5 worms
  3 dart slugs
  9 leopard geckos
  15 orcs
  2 ball pythons
  6 bat skeletons (D:2)
  A bat zombie (D:2)
  5 giant cockroaches
  7 hobgoblins
  22 jackals
  A quokka (D:2)
  2 bats (D:3)
  9 frilled lizards
  A giant cockroach zombie (D:2)
  12 goblins
  5 kobolds
  9 rats
211 creatures vanquished.

Vanquished Creatures (others)
  2 crimson imps (D:5)
  An orc wizard (D:5)
  A worker ant (D:5)
  An adder (D:5)
  3 orcs (D:5)
  A jackal (D:5)
  3 fungi (D:3)
12 creatures vanquished.

Grand Total: 223 creatures vanquished

Notes
Turn   | Place    | Note
-------+----------+-------------------------------------------
     0 | D:1      | selver the Octopode Venom Mage began the quest for the Orb.
     0 | D:1      | Reached XP level 1. HP: 11/11 MP: 3/3
   248 | D:1      | Reached skill level 4 in Poison Magic
   579 | D:1      | Reached XP level 2. HP: 16/17 MP: 5/5
  1784 | D:2      | Learned a level 2 spell: Poisonous Vapours
  1796 | D:2      | Reached XP level 3. HP: 21/21 MP: 6/6
  1819 | D:2      | Reached skill level 5 in Poison Magic
  2096 | D:2      | Found a runed translucent door.
  2097 | D:2      | Noticed Crazy Yiuf
  2122 | D:2      | Killed Crazy Yiuf
  2122 | D:2      | Reached XP level 4. HP: 27/27 MP: 2/7
  2187 | D:2      | Found a shadowy altar of Dithmenos.
  2476 | D:2      | Reached skill level 6 in Poison Magic
  2571 | D:2      | Found an ancient bone altar of Kikubaaqudgha.
  2592 | D:2      | Reached XP level 5. HP: 14/31 MP: 6/9
  2936 | D:3      | Noticed Sigmund
  3996 | D:3      | Noticed Ijyb
  4003 | D:3      | Killed Ijyb
  4003 | D:3      | Reached skill level 7 in Poison Magic
  4003 | D:3      | Reached XP level 6. HP: 26/36 MP: 2/10
  4106 | D:3      | Noticed Robin
  4154 | D:4      | Learned a level 4 spell: Olgreb's Toxic Radiance
  4168 | D:4      | Found a staircase to the Ecumenical Temple.
  4226 | Temple   | Entered the Ecumenical Temple
  4405 | Temple   | Became a worshipper of Yredelemnul the Dark
  4449 | D:4      | Noticed Blork the orc
  4462 | D:4      | Killed Blork the orc
  4673 | D:4      | Found a runed translucent door.
  4674 | D:4      | Noticed Lucherd's ghost (novice GnWn)
  4848 | D:3      | Learned a level 3 spell: Mephitic Cloud
  5248 | D:4      | Reached skill level 8 in Poison Magic
  5513 | D:4      | Reached XP level 7. HP: 40/41 MP: 7/12
  5570 | D:4      | Found a runed translucent door.
  5891 | D:3      | Killed Sigmund
  5891 | D:3      | Reached skill level 9 in Poison Magic
  5910 | D:3      | Killed Robin
  6002 | D:3      | Found a blossoming altar of Fedhas.
  6129 | D:5      | Entered Level 5 of the Dungeon
  6554 | D:5      | Reached * piety under Yredelemnul
  6554 | D:5      | Reached skill level 10 in Poison Magic
  6669 | D:5      | Reached skill level 1 in Conjurations
  6669 | D:5      | Reached XP level 8. HP: 19/46 MP: 13/13
  6895 | D:5      | Noticed Pikel
  6934 | D:5      | Killed Pikel
  7333 | D:5      | Found a runed translucent gate.
  7333 | D:5      | Found an opulent altar of Gozag.
  7333 | D:5      | Noticed a two-headed ogre
  7334 | D:5      | Found a runed translucent gate.
  7334 | D:5      | Found a runed translucent gate.
  7334 | D:5      | Noticed Wildwoot's ghost (amateur HOFi)
  7583 | D:5      | Reached skill level 5 in Conjurations
  7960 | D:6      | Reached skill level 5 in Spellcasting
  8193 | D:6      | Reached XP level 9. HP: 51/51 MP: 16/16
  8442 | D:6      | Learned a level 3 spell: Ignite Poison
  8736 | D:6      | Found a snail-covered altar of Cheibriados.
  9628 | D:7      | Found a radiant altar of Vehumet.
  9807 | D:7      | Found a bloodstained altar of Trog.
 10317 | D:7      | Found an ornate altar of the Wu Jian Council.
 10317 | D:7      | Found a sacrificial altar of Ru.
 10418 | D:7      | Found a hazy altar of Hepliaklqana.
 10686 | D:8      | Found a white marble altar of Elyvilon.
 10693 | D:8      | Noticed Prince Ribbit
 10698 | D:8      | Killed Prince Ribbit
 10698 | D:8      | Reached skill level 1 in Fighting
 10902 | D:8      | Reached ** piety under Yredelemnul
 11433 | D:8      | Noticed a two-headed ogre
 11461 | D:8      | Killed a two-headed ogre
 11461 | D:8      | Reached skill level 5 in Stealth
 11461 | D:8      | Reached XP level 10. HP: 63/63 MP: 19/19
 12241 | D:9      | Reached skill level 5 in Dodging
 12571 | D:9      | Found a staircase to the Lair.
 12583 | D:9      | Reached skill level 5 in Fighting
 13645 | D:9      | Got a steaming dagger
 13663 | D:9      | Identified the +2 dagger "Uttimusa" {venom, rC+ Str+4} (You
                  | found it on level 9 of the Dungeon)
 13699 | D:9      | Reached skill level 1 in Invocations
 13975 | D:9      | Noticed Erica
 14127 | D:9      | Slain by Erica

Illustrated notes

Levels and vault maps discovered:
D:1:      evilmike_arrival_crescent, layout_basic, minmay_tree_intersection
D:2:      layout_rooms, kennysheep_vampire_church,
          nicolae_dithmenos_through_a_glass_darkly, serial_undead,
          serial_undead_a, serial_undead_f, serial_undead_e, serial_undead_b,
          first_ration, kennysheep_boxes, uniq_crazy_yiuf_cottage
D:3:      layout_loops_cross, fedhas_altar_3, uniq_ijyb, uniq_robin,
          uniq_sigmund
D:4:      layout_layer_cave, minmay_temple_entry_ruins, ebering_ghost_sewer_f,
          uniq_blork_the_orc
D:5:      layout_basic, ebering_ghost_gozag, uniq_pikel
D:6:      layout_basic, kennysheep_slug_shrine
D:7:      layout_loops_cross, bloody_trog, nicolae_overflow_hidden_temple,
          lemuel_crystal_altar, chequers_temple_overflow_statue_of_worship
D:8:      layout_loops_corners, elyvilon_altar_4, uniq_prince_ribbit1
D:9:      layout_roguey, erik_lair_island, grunt_pizzeria,
          roderic_serpentine_path, kb_rosetta, uniq_erica
Temple:   nicolae_temple_figure_eight

Skill      XL: |  1  2  3  4  5  6  7  8  9 10 |
---------------+-------------------------------+-----
Poison Magic   | 4 5 6 7 8 10 | 10.1
Spellcasting   | 3 5 6 |  6.0
Conjurations   | 1 5 6 |  6.7
Transmutations | 4 |  4.0
Fighting       | 3 5 |  5.9
Stealth        | 5 6 |  6.0
Dodging        | 4 6 |  6.4
Invocations    | 1 |  1.4

Action                   |  1- 3 |  4- 6 |  7- 9 | 10-12 || total
-------------------------+-------+-------+-------+-------++-------
Melee: Unarmed           |    18 |       |       |       ||    18
       Constrict         |    15 |    27 |    32 |    11 ||    85
       Spear             |    32 |   112 |   147 |    68 ||   359
       Tentacles         |     6 |     8 |    36 |    15 ||    65
       Dagger            |       |       |       |     8 ||     8
 Cast: Sting             |    10 |    13 |    13 |     4 ||    40
       Poisonous Vapours |     5 |    31 |    62 |    53 ||   151
       Olgreb's Toxic Ra |       |       |     9 |     3 ||    12
       Mephitic Cloud    |       |       |     5 |     8 ||    13
       Ignite Poison     |       |       |     5 |    12 ||    17
  Use: Scroll            |     1 |     2 |     7 |     2 ||    12
       Potion            |       |     1 |     1 |     7 ||     9
 Stab: Sleeping          |     9 |     9 |     5 |     1 ||    24
       Distracted        |       |       |     3 |       ||     3
  Eat: Chunk             |     4 |    12 |    21 |     7 ||    44
       Ration            |       |       |       |     1 ||     1
Armor: Skin              |     7 |    20 |     7 |     2 ||    36
Dodge: Dodged            |    26 |    90 |    86 |    70 ||   272
